 Dungeon Crawl Stone Soup version 0.28-a0-969-g2dcde036d2 (webtiles) character file.

Game seed: 8689861825058374407

118 LadyOphelia the Chopper (level 4, -2/41 HPs)
             Began as a Minotaur Berserker on Dec 1, 2021.
             Was a Believer of Trog.
             Slain by a gnoll (5 damage)
             ... on level 3 of the Dungeon.
             The game lasted 00:06:28 (2957 turns).

LadyOphelia the Chopper (Minotaur Berserker)        Turns: 2957, Time: 00:06:29

Health: -2/41      AC:  2    Str: 24    XL:     4   Next: 72%
Magic:  3/3        EV: 12    Int:  4    God:    Trog [**....]
Gold:   85         SH:  0    Dex:  9    Spells: 3/3 levels left

rFire   x . .      SeeInvis .   a - +0 hand axe
rCold   + . .      Faith    .   (no shield)
rNeg    . . .      Spirit   .   b - +0 animal skin
rPois   +          Reflect  .   (helmet restricted)
rElec   .          Harm     .   (no cloak)
rCorr   .          Rampage  .   (no gloves)
Will    .....                   (no boots)
Stlth   +.........              (no amulet)
HPRegen 0.13/turn               c - ring of poison resistance
MPRegen 0.08/turn               d - ring of ice

@: no status effects
A: horns 2, retaliatory headbutt
a: Renounce Religion, Berserk, Trog's Hand


You were on level 3 of the Dungeon.
You worshipped Trog.
Trog was pleased with you.
You visited 1 branch of the dungeon, and saw 3 of its levels.

You collected 85 gold pieces.

Inventory:

Hand Weapons
 a - a +0 hand axe (weapon)
Armour
 b - a +0 animal skin (worn)
Jewellery
 c - a ring of poison resistance (left hand)
 d - a ring of ice (right hand)
 k - a ring of willpower
Scrolls
 f - 4 scrolls of identify {unknown}
 g - a scroll of brand weapon {unknown}
 h - a scroll of fog {unknown}
 j - a scroll of blinking {unknown}
 l - a scroll of teleportation {unknown}
Potions
 e - 2 potions of mutation {unknown}
 i - 2 potions of cancellation {unknown}
 m - a potion of heal wounds {unknown}


   Skills:
 + Level 4.5 Fighting
 + Level 5.0 Axes
 + Level 2.8 Armour
 + Level 3.5 Dodging


You had 3 spell levels left.
You didn't know any spells.
Your spell library was empty.

Dungeon Overview and Level Annotations

Branches:
Dungeon (3/15)

Altars:

Shops:
D:1 !   D:2 [


Innate Abilities, Weirdness & Mutations

You have a pair of horns on your head.
You reflexively headbutt those who attack you in melee.


Message History

The goblin is heavily wounded.
The goblin closely misses you.
You barely miss the goblin. You headbutt the goblin.
You kill the goblin!
Trog accepts your kill.
Your Axes skill increases to level 5!
You see here a +0 dagger.
You see here a +0 dagger.
Unknown command.
Found a stone staircase leading down. 4 gnolls come into view.
A gnoll is wielding a +2 whip of distortion.
Found 22 sling bullets.
The gnoll shouts! x4; You hear an angry hiss.
An adder comes into view.
You hit the gnoll.
The gnoll is lightly wounded.
The gnoll barely misses you.
You hit the gnoll.
The gnoll is moderately wounded.
You hit the adder. The adder closely misses you.
The gnoll hits you from afar with a +0 spear.
The gnoll hits you from afar with a +0 halberd!
The gnoll hits you with a +2 whip of distortion!
Space warps horribly around you!
* * * LOW HITPOINT WARNING * * *
The adder bites you.
* * * LOW HITPOINT WARNING * * *
You hit the adder.
The adder is almost dead.
The adder closely misses you. The adder bites you.
* * * LOW HITPOINT WARNING * * *
You miss the adder.
The adder is almost dead.
The gnoll closely misses you. The adder closely misses you.
You furiously retaliate!
You headbutt the adder.
You kill the adder!
Trog accepts your kill.
The gnoll hits you from afar with a +0 spear.
You die...

.#.#.#.#.#.#.#. ..
.#.#.#.#.#.#.#.# #.#
+#.#.#.#.#.#.#.#. ##.#
.#.#.#.#.#.#.#.#.#
#.#.#+#.#.#.#.#.#.#.#.#.
##.#.#.#.#.#.#.#.#.#†#.#
#.#.#.#.#.#.#.#.#.#.#.#.
#.#.#.#.#.#.#.#.#.#.#.#
#.#.#@#.#.#.#.#.#.#.#.
#.#†#.#.#.#.#.#.#.#.#
#g#.#.#.#.#.#.#.#.#.
.(...gg#.#.#.#.#.#.#.#.#.#
......g################.#.
....... #.#. ....... #.#.
####### #.#. #...


You could see 4 gnolls.

Vanquished Creatures
  A hound skeleton (D:3)
  6 adders
  A dart slug (D:1)
  5 bats
  6 endoplasms
  6 giant cockroaches
  8 goblins
  4 hobgoblins
  4 quokkas
  5 ball pythons
  A frilled lizard (D:2)
  6 kobolds (D:1)
  4 rats
57 creatures vanquished.

Notes
Turn   | Place    | Note
-------+----------+-------------------------------------------
     0 | D:1      | LadyOphelia the Minotaur Berserker began the quest for the
                  | Orb.
     0 | D:1      | Reached XP level 1. HP: 19/19 MP: 0/0
   107 | D:1      | Reached XP level 2. HP: 26/27 MP: 1/1
   233 | D:1      | Reached skill level 4 in Axes
   974 | D:1      | Found Hismi's Distillery.
  1247 | D:1      | Reached XP level 3. HP: 28/33 MP: 2/2
  1347 | D:1      | Reached ** piety under Trog
  2268 | D:2      | Found a faded altar of an unknown god.
  2316 | D:2      | Found Marul's Antique Armour Shop.
  2423 | D:2      | Reached XP level 4. HP: 40/41 MP: 3/3
  2889 | D:3      | Reached skill level 5 in Axes
  2957 | D:3      | Slain by a gnoll

Illustrated notes

Levels and vault maps discovered:
D:1:      dpeg_arrival_ternary, layout_loops_cross, serial_shops, shop
D:2:      layout_rooms, shapermc_ecumenical_altar_hornbeckon, serial_shops,
          nicolae_square_shop
D:3:      layout_basic, kennysheep_generic_room_9

Skill      XL: |  1  2  3  4 |
---------------+-------------+-----
Fighting       | 4 |  4.5
Axes           | 4 5 |  5.0
Dodging        | 3 |  3.5
Armour         | |  2.8

Action                   |  1- 3 |  4- 6 || total
-------------------------+-------+-------++-------
Melee: Hand axe          |    86 |    28 ||   114
       Headbutt          |    13 |     7 ||    20
 Stab: Sleeping          |     2 |       ||     2
Armor: Animal skin       |    23 |     3 ||    26
Dodge: Dodged            |    59 |    19 ||    78

Table legend: (Time is in decaauts)
 A = Elapsed time spent in this place.
 B = Non-inter-level travel time spent in this place.
 C = Inter-level travel time spent in this place.
 D = Time resting spent in this place.
 E = Time spent auto-exploring this place.
 F = Levels seen in this place.
 G = Mean time per level.
                   A        B        C        D        E       F      G
               +--------+--------+--------+--------+--------+-----+--------+
         Total |   2970 |   2962 |      8 |    440 |   1761 |   3 |  990.0 |
       Dungeon |   2970 |   2962 |      8 |    440 |   1761 |   3 |  990.0 |
               +--------+--------+--------+--------+--------+-----+--------+

Top non-repeatable levels by time:
     D:1: 1624 daAuts
     D:2: 910 daAuts
     D:3: 434 daAuts
